 Dungeon Crawl Stone Soup version 0.30-a0-743-gbfdf073431 (webtiles) character file.

Game seed: 9509720031437686207

20 Leeroy the Grasshopper (level 2, -2/15 HPs)
             Began as a Vine Stalker Warper on Feb 7, 2023.
             Slain by a hobgoblin (3 damage)
             ... on level 2 of the Dungeon.
             The game lasted 00:00:29 (650 turns).

Leeroy the Grasshopper (Vine Stalker Warper)         Turns: 650, Time: 00:00:29

Health: -2/15      AC:  3    Str: 13    XL:     2   Next: 79%
Magic:  0/6        EV: 11    Int: 13    God:
Gold:   73         SH:  0    Dex: 13    Spells: 5/5 levels left

rFire   . . .      SeeInvis .    a - +0 falchion
rCold   . . .      Faith    .    (no shield)
rNeg    . . .      Spirit   +    b - +0 leather armour
rPois   .          Reflect  .    (no helmet)
rElec   .          Harm     .    (no cloak)
rCorr   .          Rampage  .    (no gloves)
Will    .....                    (no boots)
Stlth   +                        (no amulet)
HPRegen 0.22/turn                (no ring)
MPRegen 0.10/turn                (no ring)

@: no status effects
A: fangs 2, magic shield, antimagic bite, no potion heal 2
a: no special abilities


You were on level 2 of the Dungeon.
You visited 1 branch of the dungeon, and saw 2 of its levels.

You collected 73 gold pieces.

Inventory:

Hand Weapons
 a - a +0 falchion (weapon)
Missiles
 d - 7 boomerangs of dispersal (quivered)
 g - 6 boomerangs
Armour
 b - a +0 leather armour (worn)
Scrolls
 c - a scroll of blinking
 e - a scroll of brand weapon {unknown}
 f - a scroll of identify {unknown}


   Skills:
 - Level 1.7 Fighting
 + Level 2.9 Long Blades
 - Level 0.8 Throwing
 - Level 0.7 Armour
 - Level 1.5 Dodging
 - Level 2.1 Spellcasting
 - Level 3.0 Translocations


You had 5 spell levels left.
You didn't know any spells.
Your spell library contained the following spells:

 Spells                   Type           Power      Damage    Failure   Level
 Blink                    Tloc           18%        N/A       14%         2
 Lesser Beckoning         Tloc           18%        N/A       14%         2
 Teleport Other           Tloc           9%         N/A       28%         3
 Vhi's Electric Charge    Tloc/Air       10%        N/A       45%         3
 Inner Flame              Hex/Fire       1%         N/A       67%         3
 Manifold Assault         Tloc           9%         N/A       67%         4
 Cause Fear               Hex            0%         N/A       97%         4
 Discord                  Hex            0%         N/A       100%        8


Dungeon Overview and Level Annotations

Branches:
Dungeon (2/15)

Altars:


Innate Abilities, Weirdness & Mutations

You have extremely sharp teeth.
When hurt, damage is shared between your health and your magic reserves.
Your bite disrupts and absorbs the magic of your enemies.
Potions cannot restore your health.


Message History

The kobold attacks as you move away! The kobold hits you with a +0 club.
The bat hits you but does no damage.
You are too injured to fight recklessly!
You hit the bat.
The bat is severely wounded.
The bat hits you but does no damage.
You barely miss the bat.
The bat is severely wounded.
The bat closely misses you. The bat hits you.
You slash the bat!
You kill the bat!
The goblin shoots a sling bullet.
The sling bullet hits you.
* * * LOW HITPOINT WARNING * * *
You hit the rat.
You kill the rat!
You hit the kobold but do no damage. You bite the kobold, but do no damage.
The kobold hits you but does no damage. The kobold hits you with a +0 club.
You hit the kobold.
You kill the kobold!
The goblin shoots a sling bullet.
The sling bullet hits you but does no damage.
You hit the hobgoblin.
The hobgoblin is moderately wounded.
The hobgoblin misses you.
You hit the hobgoblin but do no damage.
The hobgoblin is moderately wounded.
The hobgoblin hits you.
* * * LOW HITPOINT WARNING * * *
You hit the hobgoblin but do no damage.
The hobgoblin is moderately wounded.
The hobgoblin closely misses you.
You hit the hobgoblin but do no damage.
The hobgoblin is moderately wounded.
The hobgoblin barely misses you.
You barely miss the hobgoblin.
The hobgoblin is moderately wounded.
The hobgoblin hits you.
* * * LOW HITPOINT WARNING * * *
The hobgoblin hits you.
You die...

..# ..# ..# #..
##.##.#
...###....#
..#.......####.
....###).......
#....g.#####.
#####g## #@# ##
#.# ##.##.#
##...#.##
#.......+
##..<#.##
##....# #.####
#.


You could see a hobgoblin and a goblin.

Vanquished Creatures
  A dart slug (D:1)
  A ball python (D:1)
  4 bats
  An endoplasm (D:1)
  A hobgoblin (D:1)
  5 kobolds
  A quokka (D:2)
  3 rats
17 creatures vanquished.

Notes
Turn   | Place    | Note
-------+----------+-------------------------------------------
     0 | D:1      | Leeroy the Vine Stalker Warper began the quest for the Orb.
     0 | D:1      | Reached XP level 1. HP: 11/11 MP: 4/4
   276 | D:1      | Reached XP level 2. HP: 13/15 MP: 3/6
   650 | D:2      | Slain by a hobgoblin

Illustrated notes

Levels and vault maps discovered:
D:1:      psy_arrival_heroes, layout_loops_ring, minmay_misc_feat_pillars
D:2:      layout_loops_corners, minmay_hexomino_c4, uniq_natasha,
          uniq_crazy_yiuf_cottage

Skill      XL: |  1 |
---------------+----+-----
Long Blades    | 2 |  2.9
Fighting       | |  1.7
Throwing       | |  0.8
Armour         | |  0.7
Dodging        | |  1.5
Spellcasting   | |  2.1
Translocations | |  3.0

Action                     || total
---------------------------++-------
  Melee: Falchion          ||    58
         Bite              ||    10
         Punch             ||     4
 Armour: Leather armour    ||    34
  Dodge: Dodged            ||    50

Table legend: (Time is in decaauts)
 A = Elapsed time spent in this place.
 B = Non-inter-level travel time spent in this place.
 C = Inter-level travel time spent in this place.
 D = Time resting spent in this place.
 E = Time spent auto-exploring this place.
 F = Levels seen in this place.
 G = Mean time per level.
                   A        B        C        D        E       F      G
               +--------+--------+--------+--------+--------+-----+--------+
         Total |    660 |    644 |     16 |      0 |    523 |   2 |  330.0 |
       Dungeon |    660 |    644 |     16 |      0 |    523 |   2 |  330.0 |
               +--------+--------+--------+--------+--------+-----+--------+

Top non-repeatable levels by time:
     D:1: 622 daAuts
     D:2: 37 daAuts
